 Dungeon Crawl Stone Soup version 0.27.1-33-g824d729ab1 (webtiles) character file.

Game seed: 6822438743187302216

66 potato4science the Sneak (level 4, 0/28 HPs)
             Began as an Octopode Hedge Wizard on Dec 17, 2021.
             Killed by divine providence
             ... invoked by an orc priest
              (15 damage)
             ... on level 3 of the Dungeon.
             The game lasted 00:11:14 (2782 turns).

potato4science the Sneak (Octopode Hedge Wizard)    Turns: 2782, Time: 00:11:16

Health: 0/28       AC:  1    Str:  9    XL:     4   Next: 15%
Magic:  8/8        EV: 10    Int: 17    God:
Gold:   66         SH:  6    Dex: 11    Spells: 6/9 levels left

rFire    . . .     SeeInvis .   a - +0 dagger
rCold    . . .     Faith    .   g - +0 kite shield
rNeg     . . .     Spirit   .   b - +0 hat
rPois    .         Reflect  .   (no amulet)
rElec    .         Harm     .   (no ring)
rCorr    .         Rampage  .   (no ring)
Will     .....                  (no ring)
Stlth    ++++......             (no ring)
HPRegen  0.09/turn              (no ring)
MPRegen  0.11/turn              (no ring)
                                (no ring)
                                (no ring)

@: no status effects
A: almost no armour, amphibious, 8 rings, camouflage 1, gelatinous body 1,
(nimble swimmer 1), tentacles
a: no special abilities


You were on level 3 of the Dungeon.
You visited 1 branch of the dungeon, and saw 3 of its levels.

You collected 66 gold pieces.

Inventory:

Hand Weapons
 a - a +0 dagger (weapon)
Armour
 b - a +0 hat (worn)
 g - a +0 kite shield (worn)
Scrolls
 c - 3 scrolls of enchant weapon {unknown}
 e - a scroll of identify {unknown}
Potions
 d - a potion of cancellation {unknown}
 f - a potion of flight {unknown}
 h - a potion of curing


   Skills:
 - Level 1.0 Fighting
 - Level 1.0 Short Blades
 - Level 2.0 Dodging
 - Level 5.4 Stealth
 + Level 0.2 Shields
 - Level 3.0 Spellcasting
 - Level 1.0 Conjurations
 - Level 1.0 Summonings
 - Level 1.0 Translocations


You had 6 spell levels left.
You knew the following spells:

 Your Spells              Type           Power      Damage    Failure   Level
a - Magic Dart            Conj           20%        1d4       61%         1
b - Blink                 Tloc           N/A        N/A       75%         2

Your spell library contained the following spells:

 Spells                   Type           Power      Damage    Failure   Level
 Call Imp                 Summ           5%         N/A       75%         2
 Slow                     Hex            2%         N/A       87%         2
 Conjure Flame            Conj/Fire      4%         6-21      96%         3
 Mephitic Cloud           Conj/Pois/Air  3%         N/A       97%         3
 Dispersal                Tloc           2%         N/A       100%        6
 Disjunction              Tloc           2%         N/A       100%        8


Dungeon Overview and Level Annotations

Branches:
Dungeon (3/15)

Altars:

Shops:
D:2 *


Innate Abilities, Weirdness & Mutations

You cannot wear most types of armour.
You are amphibious.
You can wear up to eight rings at the same time.
Your skin changes colour to match your surroundings (Stealth+).
Your rubbery body absorbs attacks. (AC +1, EV +1)
((You are camouflaged near water. (Stealth+)))
You have tentacles for arms and can constrict up to eight enemies at once.


Message History

You see here a ball python corpse.
There is an open door here.
You hit the goblin. You grab the goblin. You squeeze the goblin.
You kill the goblin!
You see here a +0 club.
There is an open door here.
You see here a ball python corpse.
You open the door.
There is an open door here.
There is an open door here.
You start waiting.
An orc is nearby!
You start waiting.
Done waiting.
You start waiting.
An orc is nearby!
There is an open door here.
The orc priest shouts! x2; The orc shouts! x2
The orc priest mumbles some strange prayers to Beogh against you.
Beogh smites you!
You hit the orc priest but do no damage.
You grab the orc priest.
You constrict the orc priest, but do no damage.
You block the orc priest's attack. The orc barely misses you.
Your shield prevents you from hitting the orc.
You grab the orc. You squeeze the orc, but do no damage. You constrict the orc.
You constrict the orc priest, but do no damage.
The orc priest miscasts a cantrip.
The orc priest hits you with a +0 club. You block the orc's attack.
You hit the orc.
The orc is severely wounded.
You constrict the orc. You constrict the orc priest.
You block the orc priest's attack. You block the orc's attack.
You hit the orc.
You kill the orc!
You constrict the orc priest.
The orc priest invokes the aid of Beogh against you.
Beogh smites you!
Ouch! That really hurt!
You die...

#####'##### #.........
#....รท....#
#......... #.........#
#.<..(.... #.........#
#......... #.........#
#......... #.........#
#......... #.........#
#.........
#.........###o.....o.(
#.........)@oo.....(o.
#.........###o......o.
#.........# #####
#.........#
#.........#
#.........#
###########


You could see 2 orc priests and 2 orcs.

Vanquished Creatures
  An adder (D:2)
  A dart slug (D:2)
  An orc (D:3)
  5 ball pythons
  3 bats
  8 endoplasms
  4 giant cockroaches
  6 goblins
  10 hobgoblins
  A quokka (D:1)
  3 frilled lizards
  A kobold (D:1)
  3 rats (D:1)
47 creatures vanquished.

Notes
Turn   | Place    | Note
-------+----------+-------------------------------------------
     0 | D:1      | potato4science the Octopode Hedge Wizard began the quest
                  | for the Orb.
     0 | D:1      | Reached XP level 1. HP: 11/11 MP: 4/4
    38 | D:1      | Reached skill level 3 in Stealth
   125 | D:1      | Reached XP level 2. HP: 17/17 MP: 4/6
   161 | D:1      | Reached skill level 4 in Stealth
   617 | D:1      | Reached XP level 3. HP: 15/21 MP: 7/7
   910 | D:1      | Reached skill level 5 in Stealth
  1008 | D:1      | Found a faded altar of an unknown god.
  1353 | D:2      | Reached skill level 1 in Fighting
  1617 | D:2      | Found Uzias's Assorted Antiques.
  1819 | D:2      | Reached skill level 1 in Short Blades
  1970 | D:2      | Reached XP level 4. HP: 28/28 MP: 8/8
  1993 | D:2      | Learned a level 2 spell: Blink
  2782 | D:3      | Killed from afar by an orc priest

Illustrated notes

Levels and vault maps discovered:
D:1:      saegor_arrival_simple_e, layout_rooms,
          hellmonk_ecumenical_altar_slurped_away, serial_forest,
          infiniplex_forest_end_1, infiniplex_forest_fountain,
          infiniplex_forest_lined_room_2, infiniplex_forest_lined_corner,
          infiniplex_forest_clump_long, infiniplex_forest_lined_room_3,
          infiniplex_forest_lined_ring
D:2:      layout_loops_ring, serial_shops, shop
D:3:      layout_basic

Skill      XL: |  1  2  3 |
---------------+----------+-----
Stealth        | 3 4 5 |  5.4
Fighting       | 1 |  1.0
Short Blades   | 1 |  1.0
Dodging        | |  2.0
Shields        | |  0.2
Spellcasting   | |  3.0
Conjurations   | |  1.0
Summonings     | |  1.0
Translocations | |  1.0

Action                   |  1- 3 |  4- 6 || total
-------------------------+-------+-------++-------
Melee: Dagger            |    72 |    11 ||    83
       Constrict         |    11 |     4 ||    15
       Tentacles         |     5 |     3 ||     8
 Cast: Magic Dart        |    26 |     2 ||    28
  Use: Potion            |     1 |       ||     1
 Stab: Sleeping          |    13 |     5 ||    18
       Distracted        |     1 |       ||     1
Armor: Skin              |     6 |       ||     6
Dodge: Dodged            |    31 |     1 ||    32
Block: Kite shield       |       |     4 ||     4
